 Dungeon Crawl Stone Soup version 0.23-a0-241-g3b46b076a4 (webtiles) character file.

178550 PikkenKukken the Black Sun (level 17, -4/145 HPs)
             Began as a Black Draconian Necromancer on Sept 27, 2018.
             Was a High Priest of Kikubaaqudgha.
             Slain by a skeletal warrior
             ... wielding a +0 halberd
             ... led by a skeletal warrior
              (12 damage)
             ... on level 14 of the Dungeon on Sept 28, 2018.
             The game lasted 03:27:03 (40365 turns).

PikkenKukken the Black Sun (DrNe)                  Turns: 40365, Time: 03:27:04

Health: -4/145     AC: 19    Str: 16    XL:     17   Next: 28%
Magic:  31/31      EV: 16    Int: 20    God:    Kikubaaqudgha [*****.]
Gold:   1374       SH:  0    Dex: 13    Spells: 6/37 levels left

rFire    . . .     SeeInvis +   F - +9 lajatang (pain)
rCold    + + .     Gourm    .   (shield currently unavailable)
rNeg     . . .     Faith    .   (armour unavailable)
rPois    +         Spirit   .   V - +1 hat
rElec    +         Reflect  .   M - +1 cloak
rCorr    .         Harm     .   Y - +0 pair of gloves of Mezcal {rC+ SInv Stlth+}
MR       +....     Clarity  +   W - +0 pair of boots of Duts {Str+4}
Stlth    ++........             s - amulet of magic regeneration
HPRegen  1.34/turn              z - ring of poison resistance
MPRegen  0.47/turn              q - +5 ring of protection

@: flying, regenerating, heavily drained
A: breathe lightning, unfitting armour, big wings, clarity, cold resistance 1,
robust 1, electricity resistance, wild magic 1, cold-blooded, AC +9
}: 1/15 runes: decaying
a: Breathe Lightning, Stop Flying, Receive Corpses, Torment, Renounce Religion


You were on level 14 of the Dungeon.
You worshipped Kikubaaqudgha.
Kikubaaqudgha was extremely pleased with you.
You were very full.

You visited 6 branches of the dungeon, and saw 30 of its levels.
You also visited: Ossuary and Ice Cave.

You collected 2585 gold pieces.
You spent 1211 gold pieces at shops.

Inventory:

Hand Weapons
 y - the +8 whip of the Boar {protect, rElec Int+4}
   (You found it on level 6 of the Dungeon)

   It protects the one who uses it against injury (+AC on strike).
   It affects your intelligence (+4).
   It insulates you from electricity.
 F - a +9 lajatang of pain (weapon)
Armour
 w - the +0 pair of gloves of Masochism {rElec rF+ rC+ Str-4}
   (You found it on level 3 of the Swamp)

   It affects your strength (-4).
   It protects you from fire.
   It protects you from cold.
   It insulates you from electricity.
 J - a +3 buckler of protection
 M - a +1 cloak (worn)
 V - a +1 hat (worn)
 W - the +0 pair of boots of Duts (worn) {Str+4}
   (You found it on level 1 of the Elven Halls)

   It affects your strength (+4).
 Y - the +0 pair of gloves of Mezcal (worn) {rC+ SInv Stlth+}
   (You acquired it on level 1 of the Swamp)

   It protects you from cold.
   It lets you see invisible.
   It makes you more stealthy.
Jewellery
 h - an uncursed ring of protection from magic
 n - an uncursed ring of fire
 q - a +5 ring of protection (right hand)
 s - an amulet of magic regeneration (around neck)
 v - an uncursed ring of magical power
 z - a ring of poison resistance (left hand)
 D - an uncursed ring of protection from fire
 R - an uncursed ring of stealth
 S - the ring "Jufaan Vewe" {+Inv AC-2}
   (You found it on level 13 of the Dungeon)

   [ring of protection]

   It affects your AC (-2).
   It lets you turn invisible.
Wands
 t - a wand of enslavement (1)
 x - a wand of scattershot (10)
 C - a wand of flame (28)
 E - a wand of iceblast (14)
 G - a wand of digging (4)
 L - a wand of acid (13)
Scrolls
 a - a scroll of holy word
 c - 15 scrolls of remove curse
 d - 2 scrolls of blinking
 j - 3 scrolls of amnesia
 m - 12 scrolls of teleportation
 p - 2 scrolls of magic mapping
 K - 6 scrolls of fog
 N - 2 scrolls of enchant armour
 O - a scroll of enchant weapon
 P - 6 scrolls of identify
 Q - a scroll of fear
 U - 2 scrolls of torment
 Z - a scroll of summoning
Potions
 e - 4 potions of brilliance
 f - 2 potions of haste
 g - 13 potions of curing
 i - a potion of resistance
 k - 6 potions of agility
 l - 4 potions of mutation
 o - a potion of might
 r - a potion of ambrosia
 u - 3 potions of lignification
 A - 3 potions of cancellation
 B - a potion of berserk rage
 H - a potion of magic
 X - 4 potions of heal wounds
Miscellaneous
 I - a sack of spiders
 T - a box of beasts
Comestibles
 b - 18 rations


   Skills:
 - Level 7.2(5.3) Fighting
 - Level 10.0(10.1) Maces & Flails
 + Level 11.6(10.8) Staves
 - Level 10.0(7.9) Dodging
 - Level 1.7(0.1) Stealth
 - Level 6.0(4.1) Shields
 + Level 10.9(8.8) Spellcasting
 - Level 10.0(7.9) Conjurations
 - Level 4.0(2.3) Charms
 - Level 15.0(12.7) Necromancy
 - Level 6.0(4.2) Translocations
 - Level 6.0(4.1) Transmutations
 - Level 7.0(5.1) Ice Magic
 - Level 5.1(3.4) Evocations


You had 6 spell levels left.
You knew the following spells:

 Your Spells              Type           Power        Failure   Level  Hunger
a - Animate Dead          Necr           N/A          1%          4    ###....
b - Bolt of Draining      Conj/Necr      ######....   5%          5    #####..
c - Vampiric Draining     Necr           ######....   1%          3    None
d - Regeneration          Chrm/Necr      ######....   2%          3    None
e - Simulacrum            Ice/Necr       ######....   38%         6    ######.
f - Yara's Violent Unrav  Hex/Tmut       ###.......   75%         5    #####..
g - Blink                 Tloc           N/A          3%          2    None
h - Mephitic Cloud        Conj/Pois/Air  ####....     12%         3    None

Your spell library contained the following spells:

 Spells                   Type           Power        Failure   Level  Hunger
 Animate Skeleton         Necr           N/A          1%          1    None
 Pain                     Necr           ####         1%          1    None
 Sublimation of Blood     Necr           ######....   1%          2    None
 Dispel Undead            Necr           ######..     2%          5    #####..
 Flame Tongue             Conj/Fire      ####.        3%          1    None
 Sting                    Conj/Pois      ####         3%          1    None
 Throw Flame              Conj/Fire      ####..       4%          2    None
 Shroud of Golubria       Chrm/Tloc      ####......   5%          2    None
 Gell's Gravitas          Tloc           ####......   7%          3    None
 Lesser Beckoning         Tloc           ####......   7%          3    None
 Teleport Other           Tloc           ####....     7%          3    None
 Conjure Flame            Conj/Fire      ####....     8%          3    None
 Confusing Touch          Hex            ##....       12%         1    None
 Summon Butterflies       Summ           ##......     12%         1    None
 Excruciating Wounds      Chrm/Necr      ######....   14%         5    #####..
 Poisonous Vapours        Pois/Air       ##....       17%         2    None
 Passage of Golubria      Tloc           N/A          21%         4    ###....
 Sticky Flame             Conj/Fire      ####....     22%         4    ###....
 Call Canine Familiar     Summ           ##......     32%         3    None
 Confuse                  Hex            ##......     32%         3    None
 Inner Flame              Hex/Fire       ##......     32%         3    None
 Summon Ice Beast         Ice/Summ       ###.....     34%         4    ###....
 Petrify                  Tmut/Erth      ###.....     41%         4    ###....
 Fireball                 Conj/Fire      ####......   47%         5    #####..
 Venom Bolt               Conj/Pois      ####......   47%         5    #####..
 Metabolic Englaciation   Hex/Ice        ###.......   67%         5    #####..
 Olgreb's Toxic Radiance  Pois           ##......     69%         4    ###....
 Summon Lightning Spire   Summ/Air       ##......     69%         4    ###....
 Freezing Cloud           Conj/Ice/Air   ####......   94%         6    ######.
 Silence                  Hex/Air        ##........   95%         5    #####..
 Summon Mana Viper        Hex/Summ       ##......     95%         5    #####..
 Conjure Ball Lightning   Conj/Air       ####......   96%         6    ######.
 Deflect Missiles         Chrm/Air       ###.......   100%        6    ######.
 Borgnjor's Revivificati  Necr           ######....   97%         8    #######
 Infestation              Necr           ######....   97%         8    #######
 Haunt                    Necr/Summ      #####.....   99%         7    #######
 Ring of Flames           Chrm/Fire      ###.......   100%        7    #######
 Summon Hydra             Summ           ##........   100%        7    #######
 Death's Door             Chrm/Necr      ######....   100%        8    #######
 Necromutation            Tmut/Necr      ######....   100%        8    #######
 Tornado                  Air            ##........   100%        9    #######


Dungeon Overview and Level Annotations

Branches:
Dungeon (15/15)            Temple (0/1) D:6            Lair (6/6) D:9
  Swamp (4/4) Lair:2        Snake (2/4) Lair:2        Slime (0/5) Lair:6
    Orc (2/2) D:12            Elf (1/3) Orc:2        Vaults (0/5) D:14
 Depths (0/5) D:15

Altars:
Elyvilon
Gozag
Hepliaklqana
Kikubaaqudgha
Nemelex Xobeh
Okawaru
Qazlal
Zin
The Shining One
Jiyva

Shops:
D:6 *   D:8 *   D:15 (   Orc:2 ?}[}

Portals:
Trove: D:13 (give 4 scrolls of blinking)

Annotations:
Lair:1 3 runed doors, ahoge's ghost, journeyman MiBe
Lair:3 1 runed door
Lair:4 3 runed doors, Idghatic's ghost, journeyman GnAE; Semoacif's ghost, journeyman GnAE; Xupack's ghost, journeyman FoFi
Lair:6 1 runed door


Innate Abilities, Weirdness & Mutations

You can breathe wild blasts of lightning.
Your glossy black scales are hard. (AC +9)
You cannot fit into any form of body armour.
Your large and strong wings let you fly indefinitely.
You are resistant to electric shocks. (rElec)
You are cold-blooded and may be slowed by cold attacks.
You possess an exceptional clarity of mind.
Your flesh is cold resistant. (rC+)
You are robust. (+10% HP)
Your spells are a little harder to cast, but a little more powerful.


Message History

You closely miss the skeletal warrior.
The skeletal warrior is heavily damaged.
The skeletal warrior barely misses you.
You slash the skeletal warrior!
Your tail-slap misses the skeletal warrior.
The skeletal warrior is heavily damaged.
The skeletal warrior misses you.
You barely miss the skeletal warrior.
The skeletal warrior is heavily damaged.
The skeletal warrior hits you with a halberd!!
* * * LOW HITPOINT WARNING * * *
You slash the skeletal warrior!
The skeletal warrior is severely damaged.
You barely miss the skeletal warrior.
The skeletal warrior is severely damaged.
The skeletal warrior hits you with a halberd!!
* * * LOW HITPOINT WARNING * * *
The skeletal warrior hits you from afar with a halberd!
You die...
Kikubaaqudgha rasps: "You have failed me!
Welcome... death!"

####### #.....# ##########.....#
...............# ########.#....)#
#.#.....##################
########.###..##.................
Z.........................#######
###.########..##@########.#
#.#..........)># #.#
#.#.###.#....z## #.#####
###.#.###...#.#.# ##.....###
....)..##.....#.# #.........
.##.....#...###.# #.####.###
...[....#.......# #.# #.#
##......#..###### ######.####.##
#.#[....#..########.(..........##


You could see a skeletal warrior.

Vanquished Creatures
  Asterion (Snake:1)
  Kirke (Lair:4)
  A thorn hunter (Swamp:1)
  Agnes (D:14)
  2 nagarajas (Snake:2)
  A deep elf demonologist (Elf:1)
  A deep elf high priest (Elf:1)
  15 hydras
  3 vault guards (D:14)
  A ghost crab (Swamp:3)
  A naga warrior (Snake:2)
  An ogre mage (Orc:1)
  2 centaur warriors
  A shambling mangrove (Swamp:4)
  6 alligators
  2 anacondas
  2 dancing weapons (Elf:1)
  6 two-headed ogres
  3 death yaks
  Urug (Lair:4)
  2 naga sharpshooters (Snake:2)
  2 shock serpents (Snake:2)
  3 orc high priests (Orc:2)
  11 deep elf knights
  6 slime creatures
  A skeletal warrior (D:14)
  2 unseen horrors
  5 deep elf archers (Elf:1)
  2 swamp dragons
  4 orc knights
  2 lindwurms (Lair:6)
  A necromancer (D:14)
  A mana viper (Snake:2)
  4 salamanders
  2 orc sorcerers (Orc:2)
  5 ugly things
  4 manticores
  34 deep elf magi
  8 elephants
  Joseph (D:9)
  9 black mambas
  An ice statue (IceCv)
  Psyche (D:9)
  4 torpor snails (Lair:6)
  2 gargoyles
  14 spiny frogs
  2 rime drakes (Orc:2)
  4 komodo dragons
  6 ice devils (IceCv)
  A troll (D:10)
  A meliai (shapeshifter) (D:14)
  2 meliai (D:14)
  6 tyrant leeches
  5 polar bears
  11 hornets
  4 bog bodies
  4 hippogriffs
  6 blink frogs
  5 dream sheep (Lair:4)
  A shadow (Swamp:1)
  4 water elementals (Elf:1)
  2 wraiths (D:12)
  2 spriggans
  2 air elementals (Elf:1)
  A wyvern (D:14)
  2 fire elementals (Elf:1)
  39 yaks
  15 humans (D:14)
  19 vampire mosquitoes
  A hungry ghost (D:9)
  5 insubstantial wisps (Swamp:3)
  Menkaure (D:5)
  11 swamp worms
  10 wargs
  8 nagas
  An acid dragon (D:8)
  9 water moccasins
  9 hell hounds (Lair:6)
  4 swamp drakes
  4 porcupines
  25 orc warriors
  2 phantoms
  2 eyes of draining
  2 ice beasts
  3 sky beasts
  2 necrophages (D:10)
  8 black bears
  17 ogres
  7 wolves (Lair:6)
  8 centaurs
  12 crocodiles
  2 big kobolds
  3 elf zombies (Ossuary)
  20 bullfrogs
  An earth elemental (Elf:1)
  A water moccasin zombie (D:12)
  A wyvern skeleton (D:7)
  4 scorpions
  16 killer bees
  A vampire bat (Lair:5)
  10 wights
  An electric eel (Lair:5)
  2 howler monkeys
  2 centaur zombies
  2 bullfrog zombies
  10 crimson imps
  3 hounds
  A jelly (D:4)
  A quasit (D:14)
  2 bullfrog skeletons
  31 orc priests
  A gnoll shaman (D:6)
  5 iguanas
  Natasha (thrice) (D:2)
  23 orc wizards
  10 worker ants
  2 big kobold zombies (Ossuary)
  A hound zombie (D:11)
  3 worker ant zombies
  2 mummies (Ossuary)
  Robin (D:3)
  5 gnolls
  A howler monkey zombie (D:7)
  12 adders
  3 shadow imps
  4 white imps (IceCv)
  5 ufetubi (IceCv)
  2 adder skeletons
  An adder zombie (Ossuary)
  3 worms
  A dart slug (D:1)
  5 leopard geckos
  83 orcs
  7 bats
  A giant cockroach (D:1)
  13 goblins
  13 hobgoblins
  8 jackals
  10 kobolds
  7 quokkas
  2 frilled lizards (D:2)
  2 goblin zombies (Ossuary)
  10 hobgoblin zombies (Ossuary)
  11 kobold zombies (Ossuary)
  A leopard gecko skeleton (D:4)
  7 orc zombies (Ossuary)
  A quokka skeleton (D:5)
  A quokka zombie (D:6)
  7 rats
  A butterfly (Lair:6)
870 creatures vanquished.

Vanquished Creatures (collateral kills)
  the Lernaean hydra (Swamp:4)
  A thorn hunter (Swamp:4)
  Frances (Snake:1)
  A dire elephant (Lair:6)
  9 hydras (Swamp:4)
  4 shambling mangroves
  A centaur warrior (D:13)
  5 alligators
  An orc high priest (Orc:2)
  A shock serpent (Snake:1)
  A naga sharpshooter (Snake:1)
  2 deep elf knights (Elf:1)
  2 wizards (D:14)
  8 swamp dragons
  A naga ritualist (Snake:2)
  A spriggan druid (Swamp:4)
  4 ugly things
  A manticore (D:14)
  3 black mambas
  An elephant (Lair:6)
  An ice statue (IceCv)
  8 spiny frogs
  A torpor snail (Lair:6)
  A komodo dragon (Lair:4)
  A rime drake (Lair:4)
  2 trolls
  4 tyrant leeches
  A queen bee (D:12)
  12 hornets
  5 polar bears (Lair:6)
  A meliai (D:14)
  4 slime creatures
  3 blink frogs (Lair:2)
  3 hippogriffs
  2 bog bodies (Swamp:4)
  4 spriggans
  A wyvern (D:14)
  3 humans (D:14)
  9 yaks
  2 basilisks
  7 vampire mosquitoes
  4 nagas
  4 wargs
  5 insubstantial wisps
  2 swamp worms
  An acid dragon (D:14)
  2 porcupines
  6 hell hounds (Lair:6)
  A water moccasin (Lair:6)
  5 black bears (Lair:6)
  4 orc warriors
  5 swamp drakes (Swamp:4)
  6 wolves (Lair:6)
  6 crocodiles
  2 bullfrogs
  An earth elemental (Elf:1)
  4 killer bees (D:12)
  3 wights (D:8)
  A vampire bat (Lair:5)
  An electric eel (Lair:5)
  A bullfrog zombie (D:9)
  3 orc wizards
  A hound (D:13)
  A jelly (D:12)
  3 orc priests
  An iguana (D:13)
  3 gnolls (D:7)
  A white imp (IceCv)
  12 orcs
  2 hobgoblins (D:2)
  A ball python (D:2)
  5 bats (Lair:5)
  A fungus (Lair:1)
  4 plants
226 creatures vanquished.

Vanquished Creatures (others)
  A reaper (IceCv)
  A deep elf knight (Elf:1)
  A spriggan (Swamp:3)
  A swamp dragon (Swamp:4)
  A deep elf mage (Elf:1)
  A hornet (Swamp:3)
  A tyrant leech (Swamp:3)
  A bog body (Swamp:1)
  A water elemental (Elf:1)
  7 humans (Lair:4)
  A swamp drake (Swamp:4)
  An orc wizard (Orc:2)
  3 white imps (IceCv)
  6 ufetubi (IceCv)
  11 fungi
  25 plants
63 creatures vanquished.

Grand Total: 1159 creatures vanquished

Notes
Turn   | Place    | Note
-------+----------+-------------------------------------------
     0 | D:1      | PikkenKukken the Draconian Necromancer began the quest for
                  | the Orb.
     0 | D:1      | Reached XP level 1. HP: 14/14 MP: 3/3
   385 | D:1      | Reached XP level 2. HP: 17/20 MP: 0/5
   548 | D:1      | Learned a level 1 spell: Animate Skeleton
  1275 | D:2      | Reached skill level 5 in Necromancy
  1275 | D:2      | Reached XP level 3. HP: 23/26 MP: 1/6
  1346 | D:2      | Noticed Natasha
  1355 | D:2      | Killed Natasha
  1490 | D:2      | Learned a level 3 spell: Vampiric Draining
  1585 | D:2      | Reached XP level 4. HP: 32/33 MP: 7/7
  1627 | D:2      | Noticed Natasha
  1634 | D:2      | Killed Natasha
  1895 | D:2      | Reached skill level 6 in Necromancy
  1985 | D:2      | Noticed Natasha
  1991 | D:2      | Killed Natasha
  2344 | D:2      | Reached XP level 5. HP: 38/38 MP: 8/8
  2378 | D:2      | Learned a level 3 spell: Regeneration
  2768 | D:3      | Found a faded altar of an unknown god.
  2914 | D:3      | Noticed Robin
  3270 | D:3      | Killed Robin
  3479 | D:4      | Reached skill level 7 in Necromancy
  3611 | D:4      | Reached skill level 1 in Fighting
  3719 | D:4      | Reached XP level 6. HP: 41/47 MP: 9/9
  4442 | D:5      | Entered Level 5 of the Dungeon
  4801 | D:5      | Noticed Menkaure
  4810 | D:5      | Killed Menkaure
  4810 | D:5      | Your scales start taking on a glossy black colour.
  4810 | D:5      | Reached XP level 7. HP: 22/57 MP: 10/12
  4810 | D:5      | Gained mutation: You are resistant to electric shocks.
                  | (rElec) [Black Draconian growth]
  5082 | D:5      | Found a sparkling altar of Nemelex Xobeh.
  5364 | D:5      | Reached skill level 5 in Fighting
  5937 | D:6      | Found a stormy altar of Qazlal.
  5953 | D:6      | Identified a scroll of acquirement
  6079 | D:6      | Reached XP level 8. HP: 56/68 MP: 11/14
  6085 | D:6      | Learned a level 4 spell: Animate Dead
  6347 | D:6      | Found Vuqa's Assorted Antiques.
  6405 | D:6      | Reached skill level 5 in Spellcasting
  6874 | D:5      | Gained mutation: Your spells are a little harder to cast,
                  | but a little more powerful. [potion of mutation]
  6874 | D:5      | Gained mutation: Your flesh is cold resistant. (rC+)
                  | [potion of mutation]
  6874 | D:5      | Gained mutation: You possess an exceptional clarity of
                  | mind. [potion of mutation]
  6874 | D:5      | Gained mutation: You are robust. (+10% HP) [potion of
                  | mutation]
  6982 | D:6      | Reached skill level 8 in Necromancy
  7047 | D:6      | Found an ancient bone altar of Kikubaaqudgha.
  7047 | D:6      | Found a faded altar of an unknown god.
  7060 | D:6      | Found a faded altar of an unknown god.
  7062 | D:6      | Became a worshipper of Kikubaaqudgha
  7066 | D:6      | Found a hazy altar of Hepliaklqana.
  7068 | D:6      | Found an iron altar of Okawaru.
  7472 | D:6      | Reached XP level 9. HP: 81/81 MP: 18/18
  7539 | D:6      | Got a crude whip
  7540 | D:6      | Identified the +8 whip of the Boar {protect, rElec Int+4}
                  | (You found it on level 6 of the Dungeon)
  7589 | D:6      | Found a staircase to the Ecumenical Temple.
  7744 | D:7      | Reached skill level 9 in Necromancy
  7842 | D:7      | Reached skill level 1 in Maces & Flails
  7893 | D:7      | Reached skill level 1 in Charms
  7895 | D:7      | Found a glowing silver altar of Zin.
  8019 | D:7      | Found a sand-covered staircase.
  8026 | Ossuary  | Entered an ossuary
  8061 | Ossuary  | Reached * piety under Kikubaaqudgha
  8061 | Ossuary  | Identified Kikubaaqudgha's Guide on Black Magic
                  | (Kikubaaqudgha gifted it to you in an ossuary)
  8061 | Ossuary  | Received a gift from Kikubaaqudgha
  8281 | Ossuary  | Reached ** piety under Kikubaaqudgha
  9124 | D:8      | Found Leimn's Assorted Antiques.
  9196 | D:8      | Reached skill level 5 in Maces & Flails
  9588 | D:8      | Reached skill level 5 in Dodging
  9764 | D:9      | Noticed Joseph
  9802 | D:9      | Killed Joseph
  9802 | D:9      | Reached XP level 10. HP: 72/89 MP: 19/19
  9978 | D:9      | Noticed a two-headed ogre
 10014 | D:9      | Killed a two-headed ogre
 10407 | D:9      | Noticed Psyche
 10432 | D:9      | Killed Psyche
 10873 | D:9      | Found a staircase to the Lair.
 11245 | D:9      | Reached *** piety under Kikubaaqudgha
 11245 | D:9      | Identified Kikubaaqudgha's Guide on Evil (Kikubaaqudgha
                  | gifted it to you on level 9 of the Dungeon)
 11245 | D:9      | Received a gift from Kikubaaqudgha
 11441 | D:9      | Found a hazy altar of Hepliaklqana.
 11601 | D:10     | Entered Level 10 of the Dungeon
 11943 | D:10     | Reached XP level 11. HP: 93/94 MP: 20/22
 12475 | Lair:1   | Entered Level 1 of the Lair of Beasts
 12475 | Lair:1   | Noticed a four-headed hydra
 12499 | D:9      | Learned a level 5 spell: Bolt of Draining
 12715 | D:9      | Killed a four-headed hydra
 12994 | Lair:1   | Noticed ahoge's ghost (journeyman MiBe)
 12995 | Lair:1   | Noticed a catoblepas
 13218 | Lair:1   | Reached **** piety under Kikubaaqudgha
 13336 | Lair:1   | Reached skill level 5 in Conjurations
 13481 | Lair:1   | Found a runed gate.
 13482 | Lair:1   | Found a runed gate.
 13488 | Lair:1   | Found a runed gate.
 13933 | Lair:2   | Reached skill level 1 in Shields
 13981 | Lair:2   | Found a staircase to the Snake Pit.
 14093 | Lair:2   | Found a staircase to the Swamp.
 14171 | Lair:2   | Noticed a five-headed hydra
 14177 | Lair:2   | Killed a five-headed hydra
 14407 | Lair:2   | Reached skill level 5 in Shields
 14445 | Lair:2   | Noticed a seven-headed hydra
 14460 | Lair:2   | Killed a seven-headed hydra
 15377 | Lair:3   | Reached XP level 12. HP: 110/110 MP: 24/24
 15504 | Lair:3   | Found a runed door.
 15696 | Lair:3   | Reached skill level 10 in Necromancy
 15950 | Lair:4   | Noticed Kirke
 15950 | Lair:4   | Noticed a six-headed hydra
 15966 | Lair:4   | Killed Kirke
 16118 | Lair:3   | Killed a six-headed hydra
 16118 | Lair:3   | Reached skill level 11 in Necromancy
 16514 | Lair:4   | Found a glowing golden altar of the Shining One.
 16653 | Lair:4   | Noticed Urug
 16675 | Lair:4   | Killed Urug
 16799 | Lair:4   | Reached skill level 10 in Spellcasting
 16938 | Lair:4   | Found a runed gate.
 16938 | Lair:4   | Found a runed gate.
 16938 | Lair:4   | Found a runed gate.
 16939 | Lair:4   | Noticed Semoacif's ghost (journeyman GnAE)
 16939 | Lair:4   | Noticed Xupack's ghost (journeyman FoFi)
 16940 | Lair:4   | Noticed Idghatic's ghost (journeyman GnAE)
 16941 | Lair:4   | Noticed Semoacif's ghost (journeyman GnAE)
 16942 | Lair:4   | Noticed Xupack's ghost (journeyman FoFi)
 17269 | Lair:5   | Reached ***** piety under Kikubaaqudgha
 17329 | Lair:5   | Noticed a five-headed hydra
 17337 | Lair:5   | Killed a five-headed hydra
 17377 | Lair:5   | Noticed an eight-headed hydra
 17766 | Lair:5   | Noticed an eight-headed hydra
 17784 | Lair:5   | Killed an eight-headed hydra
 17878 | Lair:5   | Noticed a six-headed hydra
 17884 | Lair:5   | Killed a six-headed hydra
 17884 | Lair:5   | Reached XP level 13. HP: 115/115 MP: 16/27
 18282 | Lair:6   | Entered Level 6 of the Lair of Beasts
 19115 | Lair:6   | Got a transparent mace
 19576 | Lair:6   | Reached skill level 10 in Maces & Flails
 19588 | Lair:6   | Found a staircase to the Slime Pits.
 19588 | Lair:6   | Found a viscous altar of Jiyva.
 19785 | Lair:6   | Identified the +4 mace of Gokhleun {freeze, rElec rN+
                  | Str+2} (You found it on level 6 of the Lair of Beasts)
 20393 | Lair:6   | Noticed a dire elephant
 20397 | Lair:6   | Killed a dire elephant
 20554 | Lair:6   | Reached skill level 10 in Conjurations
 20605 | Lair:6   | Learned a level 6 spell: Simulacrum
 20611 | Lair:6   | Learned a level 5 spell: Yara's Violent Unravelling
 20653 | Lair:6   | Reached skill level 1 in Transmutations
 20653 | Lair:6   | Reached skill level 1 in Ice Magic
 21107 | Lair:6   | Gained mutation: Your large and strong wings let you fly
                  | indefinitely. [Black Draconian growth]
 21107 | Lair:6   | Reached XP level 14. HP: 114/124 MP: 14/28
 21178 | Lair:6   | Found a runed door.
 22532 | D:11     | Found an opulent altar of Gozag.
 23255 | D:12     | Reached skill level 5 in Ice Magic
 23257 | D:12     | Reached skill level 5 in Transmutations
 23604 | D:12     | Found a staircase to the Orcish Mines.
 23970 | D:13     | Got a slimy granite ring
 24214 | D:13     | Found an iron altar of Okawaru.
 24250 | D:13     | Reached ****** piety under Kikubaaqudgha
 24440 | D:13     | Reached skill level 12 in Necromancy
 24461 | D:13     | Received a gift from Kikubaaqudgha
 24650 | D:13     | Found a portal to a secret trove of treasure.
 24655 | D:13     | Identified the cursed ring "Jufaan Vewe" {+Inv AC-2} (You
                  | found it on level 13 of the Dungeon)
 24886 | D:14     | Noticed Agnes
 24916 | D:14     | Killed Agnes
 25042 | D:14     | Reached skill level 13 in Necromancy
 25715 | D:14     | Found a gate to the Vaults.
 26003 | D:14     | Found a white marble altar of Elyvilon.
 26086 | D:14     | Reached XP level 15. HP: 129/129 MP: 14/29
 26349 | Orc:1    | Entered Level 1 of the Orcish Mines
 26785 | Orc:2    | Entered Level 2 of the Orcish Mines
 26785 | Orc:2    | Found a staircase to the Elven Halls.
 26924 | Orc:2    | Found a frozen archway.
 26938 | IceCv    | Entered an ice cave
 28293 | Orc:1    | Reached skill level 10 in Dodging
 28443 | Orc:2    | Reached skill level 1 in Evocations
 29515 | Orc:2    | Reached skill level 5 in Evocations
 29720 | Orc:2    | Found Fenatuc's Gadget Shop.
 29720 | Orc:2    | Found Wargheopp's Gadget Boutique.
 29722 | Orc:2    | Found Funyfera's Magic Scroll Boutique.
 29725 | Orc:2    | Found Zifygi's Armour Shop.
 29771 | Orc:2    | Bought a scroll of acquirement for 936 gold pieces
 30029 | D:8      | Bought a scroll of blinking for 165 gold pieces
 30029 | D:8      | Bought a potion of heal wounds for 110 gold pieces
 30126 | Swamp:1  | Entered Level 1 of the Swamp
 30153 | Swamp:1  | Got a pair of heavily runed gloves
 30189 | Swamp:1  | Identified the +0 pair of gloves of Mezcal {rC+ SInv
                  | Stlth+} (You acquired it on level 1 of the Swamp)
 30277 | Swamp:1  | Noticed a thorn hunter
 30289 | Swamp:1  | Killed a thorn hunter
 30438 | Swamp:1  | Reached skill level 14 in Necromancy
 31432 | Swamp:2  | Reached skill level 1 in Staves
 32998 | Swamp:3  | HP: 2/129 [tyrant leech (7)]
 33179 | Swamp:3  | Got a pair of distressingly furry gloves
 33192 | Swamp:3  | Identified the +0 pair of gloves of Masochism {rElec rF+
                  | rC+ Str-4} (You found it on level 3 of the Swamp)
 33572 | Swamp:3  | Reached XP level 16. HP: 113/138 MP: 30/30
 33751 | Snake:1  | Entered Level 1 of the Snake Pit
 33751 | Snake:1  | Noticed Asterion
 33829 | Lair:2   | Reached skill level 5 in Staves
 33860 | Snake:1  | Killed Asterion
 34271 | Snake:1  | Noticed Frances
 34280 | Snake:1  | Killed Frances
 34506 | Snake:2  | Reached skill level 15 in Necromancy
 36252 | Swamp:4  | Entered Level 4 of the Swamp
 36399 | Swamp:4  | Learned a level 2 spell: Blink
 36403 | Swamp:4  | Learned a level 3 spell: Mephitic Cloud
 36538 | Swamp:4  | Noticed a thorn hunter
 36544 | Swamp:4  | Killed a thorn hunter
 36876 | Swamp:4  | Reached skill level 10 in Staves
 36993 | Swamp:4  | Noticed the 27-headed Lernaean hydra
 37004 | Swamp:4  | Killed the 27-headed Lernaean hydra
 37009 | Swamp:4  | Reached skill level 1 in Translocations
 37159 | Swamp:4  | Got a decaying rune of Zot
 37617 | Elf:1    | Entered Level 1 of the Elven Halls
 37823 | Elf:1    | Reached skill level 5 in Translocations
 38071 | Elf:1    | Reached XP level 17. HP: 141/145 MP: 27/31
 38845 | Elf:1    | Got a pair of heavily runed boots
 38856 | Elf:1    | Identified the +0 pair of boots of Duts {Str+4} (You found
                  | it on level 1 of the Elven Halls)
 40114 | D:15     | Entered Level 15 of the Dungeon
 40125 | D:15     | Found a staircase to the Depths.
 40219 | D:15     | Found Cimeet's Antique Weapon Shop.
 40364 | D:14     | HP: 7/145 [skeletal warrior/halberd[a skeletal warrior]
                  | (19)]
 40365 | D:14     | Slain by a skeletal warrior

Vault maps used:
D:1:      nicolae_arrival_somewhat_less_tricky_arrival
D:2:      first_ration, uniq_natasha
D:3:      chequers_ecumenical_altar_simple_redux, eino_tiny_chamber,
          serial_bayou_crossing, uniq_robin
D:5:      nemelex_altar_shiori, minmay_misc_feat_plants,
          uniq_crazy_yiuf_cottage, uniq_menkaure
D:6:      chequers_temple_overflow_minitemple, grunt_qazlal_sundering,
          minmay_temple_entry_enclosed_plants, serial_shops, shop,
          kennysheep_generic_room_16
D:7:      overflow_temple_1_default, nicolae_ossuary_entry_monument
D:8:      serial_shops, kennysheep_little_box
D:9:      grunt_lair_entry_orc_guard_hut, special_room, minmay_ruined_shrine,
          uniq_psyche, uniq_joseph
D:11:     nicolae_gozag_cash_rules_everything_around_me
D:12:     orc_0_dummy, david_nohive_1
D:13:     basic_altar, trove_entry_hex_spiral
D:14:     grunt_vaults_entry_tiered, serial_park_square2, elyvilon_altar_5,
          uniq_agnes
D:15:     grunt_enter_depths_giant_problem, serial_shops, shop_fountains,
          nicolae_twisting_strands
Lair:1:   gammafunk_ghost_split, lemuel_fruit_tree, serial_bayou_shore_b
Lair:2:   swamp_mist, minmay_snake_entry_guardpost_small, st_stairs_12,
          beast_lair_carwin_11
Lair:3:   gammafunk_mikee_crab_dinner
Lair:4:   basic_altar, gammafunk_ghost_cemetery, serial_bayou_shore_b,
          uniq_kirke, uniq_urug
Lair:5:   roderic_batcave, serial_bayou_lake_a
Lair:6:   hangedman_lair_caniforms_friends, wormcave, slime_altar_1,
          lemuel_fruit_fields, infiniplex_staircase_pool
Swamp:1:  evilmike_swamp_ruin_house_6
Swamp:2:  nicolae_swamp_round_clearing, swamp_pool4
Swamp:3:  hangedman_swamp_lotus, nicolae_swamp_orc_logging_accident, swamp_pool1
Swamp:4:  swamp_old_school
Snake:1:  uniq_asterion, uniq_frances
Orc:2:    st_orc_mages, portal_ice_cave_rime
Elf:1:    eino_elf_arrival_the_gate, minivault_28, grunt_megastairs_4
Ossuary:  ossuary_tomb_1
IceCv:    ice_cave_small_demon

Skill      XL: |  1  2  3  4  5  6  7  8  9 10 11 12 13 14 15 16 17 |
---------------+----------------------------------------------------+-----
Necromancy     | 5 6 7 8 9 11 13 14 15 | 15.0
Fighting       | 1 3 5 7 |  7.2
Spellcasting   | 3 4 6 7 8 10 | 10.9
Dodging        | 4 5 9 10 | 10.0
Maces & Flails | 5 10 | 10.0
Charms         | 4 |  4.0
Conjurations   | 6 8 10 | 10.0
Shields        | 5 6 |  6.0
Transmutations | 2 6 |  6.0
Ice Magic      | 2 7 |  7.0
Evocations     | 5 |  5.1
Staves         | 4 10 11 | 11.6
Translocations | 6 |  6.0
Stealth        | |  1.7

Action                   |  1- 3 |  4- 6 |  7- 9 | 10-12 | 13-15 | 16-18 || total
-------------------------+-------+-------+-------+-------+-------+-------++-------
Melee: Whip              |    25 |   129 |   493 |   742 |  1972 |       ||  3361
       Tailslap          |     2 |     8 |    60 |   105 |   284 |    30 ||   489
       Lajatang          |       |       |       |       |   250 |   282 ||   532
 Cast: Pain              |    31 |     1 |       |       |       |       ||    32
       Animate Skeleton  |    11 |    11 |     4 |       |       |       ||    26
       Vampiric Draining |       |     2 |    11 |    27 |    80 |    11 ||   131
       Regeneration      |       |     3 |    10 |    19 |    83 |    64 ||   179
       Animate Dead      |       |       |    16 |    40 |   106 |    51 ||   213
       Bolt of Draining  |       |       |       |    42 |   126 |    66 ||   234
       Simulacrum        |       |       |       |       |    15 |    21 ||    36
       Mephitic Cloud    |       |       |       |       |       |    26 ||    26
       Blink             |       |       |       |       |       |     5 ||     5
Invok: Receive Corpses   |       |       |     6 |     4 |    15 |    23 ||    48
       Torment           |       |       |       |       |     1 |       ||     1
       Receive Necronomi |       |       |       |       |     1 |       ||     1
 Abil: Breathe Lightning |       |       |     2 |     1 |     1 |       ||     4
       Fly               |       |       |       |       |       |     1 ||     1
Evoke: Wand              |       |       |       |     5 |     5 |    29 ||    39
  Use: Scroll            |     4 |     6 |    10 |    21 |    12 |     4 ||    57
       Potion            |       |       |     2 |     1 |     7 |     2 ||    12
 Stab: Sleeping          |     2 |     3 |     2 |     5 |     4 |     5 ||    21
       Distracted        |       |       |     1 |     1 |    11 |     1 ||    14
       Confused          |       |       |       |       |       |     8 ||     8
  Eat: Chunk             |     3 |    11 |     8 |    19 |    33 |    13 ||    87
       Ration            |       |       |     4 |     7 |    19 |    15 ||    45
Armor: Skin              |    13 |    41 |   138 |   237 |   655 |   110 ||  1194
Dodge: Dodged            |    26 |    92 |   311 |   502 |  1442 |   244 ||  2617
Block: Buckler           |       |       |       |   123 |   588 |       ||   711

Table legend:
 A = Non-vault XP
 B = Vault XP
 C = Vault XP percentage of total XP
 D = Non-vault monster count
 E = Vault monster count
 F = Vault count percentage of total count
                 A         B        C        D         E       F
            +---------+---------+-------+---------+---------+-------
      Total |  170448 |   66053 |  27.9 |     763 |     331 |  30.3
            +---------+---------+-------+---------+---------+-------
        D:1 |      36 |       0 |   0.0 |      19 |       0 |   0.0
        D:2 |     125 |      35 |  21.9 |      24 |       1 |   4.0
        D:3 |      24 |      35 |  59.3 |      13 |      11 |  45.8
        D:4 |     253 |       0 |   0.0 |      13 |       0 |   0.0
        D:5 |     770 |     165 |  17.6 |      19 |       1 |   5.0
        D:6 |    1466 |      17 |   1.1 |      30 |       2 |   6.2
        D:7 |     979 |       0 |   0.0 |      29 |       0 |   0.0
        D:8 |     912 |     476 |  34.3 |      16 |       4 |  20.0
        D:9 |    3467 |    2314 |  40.0 |      28 |      39 |  58.2
       D:10 |    1861 |       0 |   0.0 |      21 |       0 |   0.0
       D:11 |    2557 |       0 |   0.0 |      11 |       0 |   0.0
       D:12 |    4957 |    1047 |  17.4 |      23 |      17 |  42.5
       D:13 |   10655 |       0 |   0.0 |      47 |       0 |   0.0
       D:14 |    6207 |   10004 |  61.7 |      23 |      26 |  53.1
       D:15 |    1301 |       0 |   0.0 |       2 |       0 |   0.0
     Lair:1 |    2070 |       0 |   0.0 |      14 |       0 |   0.0
     Lair:2 |    5984 |     602 |   9.1 |      24 |       5 |  17.2
     Lair:3 |    4425 |       0 |   0.0 |      12 |       0 |   0.0
     Lair:4 |    6362 |    3096 |  32.7 |      26 |       2 |   7.1
     Lair:5 |    7065 |      84 |   1.2 |      21 |       9 |  30.0
     Lair:6 |   12705 |   14005 |  52.4 |      42 |      73 |  63.5
    Swamp:1 |    8780 |       0 |   0.0 |      26 |       0 |   0.0
    Swamp:2 |    7898 |       0 |   0.0 |      31 |       0 |   0.0
    Swamp:3 |   11107 |       0 |   0.0 |      37 |       0 |   0.0
    Swamp:4 |   10146 |   11500 |  53.1 |      29 |      23 |  44.2
    Snake:1 |    3266 |    4075 |  55.5 |       8 |       2 |  20.0
    Snake:2 |   15142 |       0 |   0.0 |      26 |       0 |   0.0
      Orc:1 |    7071 |       0 |   0.0 |      42 |       0 |   0.0
      Orc:2 |    8946 |    7334 |  45.0 |      63 |      45 |  41.7
      Elf:1 |   23911 |    7968 |  25.0 |      44 |      15 |  25.4
    Ossuary |       0 |     414 | 100.0 |       0 |      38 | 100.0
      IceCv |       0 |    2882 | 100.0 |       0 |      18 | 100.0
            +---------+---------+-------+---------+---------+-------
